 Dungeon Crawl Stone Soup version 0.22-a0-533-g4d20840 (webtiles) character file.

63 kae the Covered (level 3, 0/33 HPs)
             Began as a Minotaur Fighter on June 22, 2018.
             Slain by an orc
             ... wielding a +0 war axe
              (5 damage)
             ... on level 2 of the Dungeon.
             The game lasted 00:00:55 (1043 turns).

kae the Covered (Minotaur Fighter)                  Turns: 1043, Time: 00:00:55

Health: 0/33       AC:  7    Str: 20    XL:     3   Next: 87%
Magic:  2/2        EV:  7    Int:  6    God:
Gold:   153        SH:  9    Dex:  9    Spells: 2/2 levels left

rFire    . . .     SeeInvis .   a - +0 long sword
rCold    . . .     Gourm    .   c - +0 shield
rNeg     . . .     Faith    .   b - +0 scale mail
rPois    .         Spirit   .   (helmet restricted)
rElec    .         Reflect  .   (no cloak)
rCorr    .         Harm     .   (no gloves)
MR       .....                  (no boots)
Stlth    ..........             (no amulet)
HPRegen  0.11/turn              (no ring)
MPRegen  0.08/turn              (no ring)

@: no status effects
A: retaliatory headbutt, horns 2
a: no special abilities


You were on level 2 of the Dungeon.
You were hungry.

You visited 1 branch of the dungeon, and saw 3 of its levels.

You collected 153 gold pieces.

Inventory:

Hand Weapons
 a - a +0 long sword (weapon)
Armour
 b - a +0 scale mail (worn)
 c - a +0 shield (worn)
Jewellery
 h - an uncursed amulet of magic regeneration {unknown}
 k - an uncursed ring of poison resistance {unknown}
Wands
 o - a wand of random effects (37)
Scrolls
 e - 6 scrolls of identify {unknown}
 i - a scroll of random uselessness {unknown}
 j - a scroll of remove curse {unknown}
 m - a scroll of enchant armour {unknown}
 n - a scroll of amnesia {unknown}
Potions
 d - a potion of might
 g - 3 potions of brilliance {unknown}
 l - 2 potions of curing {unknown}
Comestibles
 f - 6 rations


   Skills:
 + Level 4.2 Fighting
 * Level 4.0 Long Blades
 + Level 4.2 Armour
 - Level 3.6 Shields


You had 2 spell levels left.
You didn't know any spells.
Your spell library was empty.

Dungeon Overview and Level Annotations

Branches:
Dungeon (3/15)

Altars:
Yredelemnul

Annotations:
D:2 1 runed door


Innate Abilities, Weirdness & Mutations

You reflexively headbutt those who attack you in melee.
You have a pair of horns on your head.


Message History

You barely miss the hobgoblin.
The hobgoblin is severely wounded.
The hobgoblin hits you. The orc hits you but does no damage.
The orc closely misses you. You block the hobgoblin's attack.
You barely miss the orc. Your headbutt misses the orc.
The orc is moderately wounded.
The orc hits you with a mace.
* * * LOW HITPOINT WARNING * * *
You block the orc's attack.
The hobgoblin hits you but does no damage.
You closely miss the hobgoblin.
The hobgoblin is severely wounded.
The orc hits you but does no damage. x2
The hobgoblin hits you but does no damage.
You hit the orc.
The orc is severely wounded.
You block the orc's attack. The hobgoblin hits you.
* * * LOW HITPOINT WARNING * * *
The orc hits you with a war axe.
You die...

.#
#.............#######......#
.# #............## #.......
.#####.............##
##......
.((..)..............#
#######
..####..............# ###
#..............#
#..............#
#...........o..#
##........o@g.##
##..........## ############


You could see 2 orcs and a hobgoblin.

Vanquished Creatures
  A human skeleton (D:2)
  A worm (D:2)
  A leopard gecko (D:1)
  2 giant cockroaches (D:1)
  5 goblins
  A hobgoblin (D:1)
  4 jackals (D:1)
  A quokka (D:2)
  9 bats
  A frilled lizard (D:2)
  2 kobolds
  4 rats (D:1)
32 creatures vanquished.

Notes
Turn   | Place    | Note
-------+----------+-------------------------------------------
     0 | D:1      | kae the Minotaur Fighter began the quest for the Orb.
     0 | D:1      | Reached XP level 1. HP: 19/19 MP: 0/0
   139 | D:1      | Reached XP level 2. HP: 27/27 MP: 1/1
   498 | D:2      | Reached XP level 3. HP: 33/33 MP: 2/2
   880 | D:2      | Found a runed door.
   880 | D:2      | Noticed a human
   897 | D:2      | Found a basalt altar of Yredelemnul.
  1029 | D:3      | Noticed Terence
  1043 | D:2      | Slain by an orc

Vault maps used:
D:1:      shiori_arrival_elements
D:2:      dk_yredelemnul_ordeal
D:3:      gammafunk_ghost_grave, uniq_ijyb, uniq_grinder, uniq_terence

Skill      XL: |  1  2  3 |
---------------+----------+-----
Long Blades    | 3 4 |  4.0
Fighting       | 4 |  4.2
Armour         | 4 |  4.2
Shields        | |  3.6

Action                   || total
-------------------------++-------
Melee: Long sword        ||    81
       Headbutt          ||    16
Armor: Scale mail        ||    47
Dodge: Dodged            ||    30
Block: Shield            ||    57
       Rpst.: Long sword ||    10

Table legend:
 A = Spawn XP
 B = Non-spawn XP
 C = Spawn XP percentage of total XP
 D = Spawn monster count
 E = Non-spawn monster count
 F = Spawn count percentage of total count
 G = Total turns spent on level
                    A         B        C        D         E        F      G
               +---------+---------+-------+---------+---------+-------+---------
         Total |       0 |      90 |   0.0 |       0 |      32 |   0.0 |  1043
               +---------+---------+-------+---------+---------+-------+---------
           D:1 |       0 |      32 |   0.0 |       0 |      20 |   0.0 |   408
           D:2 |       0 |      58 |   0.0 |       0 |      12 |   0.0 |   631
               +---------+---------+-------+---------+---------+-------+---------
